 Dungeon Crawl Stone Soup version 0.24.1-11-gbbbb2193e6 (webtiles) character file.

Game seed: 4347242799949075000, levelgen mode: deterministic

448 Mrkan the Cudgeler (level 7, 0/44 HPs)
             Began as a Gargoyle Fighter on May 14, 2020.
             Was a Follower of Wu Jian.
             Slain by an iguana (9 damage)
             ... on level 4 of the Dungeon.
             The game lasted 00:04:58 (3385 turns).

Mrkan the Cudgeler (Gargoyle Fighter)               Turns: 3385, Time: 00:04:59

Health: 0/44       AC: 15    Str: 21    XL:     7   Next: 4%
Magic:  7/7        EV:  5    Int:  9    God:    Wu Jian [*.....]
Gold:   135        SH:  9    Dex:  9    Spells: 6/6 levels left

rFire    . . .     SeeInvis .   a - +0 flail
rCold    . . .     Gourm    .   c - +0 shield
rNeg     + . .     Faith    .   m - +0 chain mail
rPois    ∞         Spirit   .   o - +0 helmet (curse)
rElec    +         Reflect  .   (no cloak)
rCorr    .         Harm     .   (no gloves)
MR       .....                  (no boots)
Stlth    ..........             (no amulet)
HPRegen  0.14/turn              (no ring)
MPRegen  0.10/turn              (no ring)

@: no status effects
A: negative energy resistance 1, electricity resistance, unbreathing,
petrification resistance, rot immunity, AC +4
a: Renounce Religion


You were on level 4 of the Dungeon.
You worshipped Wu Jian.
Wu Jian was aware of your devotion.
You were hungry.

You visited 1 branch of the dungeon, and saw 4 of its levels.

You collected 135 gold pieces.

Inventory:

Hand Weapons
 a - a +0 flail (weapon)
Armour
 c - a +0 shield (worn)
 m - a +0 chain mail (worn)
 o - a cursed +0 helmet (worn)
 t - a +0 pair of gloves
Jewellery
 l - a cursed -3 ring of slaying {unknown}
 u - an uncursed ring of see invisible {unknown}
Scrolls
 e - 2 scrolls of teleportation {unknown}
 g - 4 scrolls of identify {unknown}
 j - 4 scrolls of enchant weapon {unknown}
 k - 2 scrolls of blinking {unknown}
 n - 2 scrolls of amnesia {unknown}
 p - 4 scrolls of magic mapping {unknown}
 r - a scroll of remove curse {unknown}
 v - 2 scrolls of immolation {unknown}
Potions
 b - a potion of magic {unknown}
 d - 2 potions of might
 h - 2 potions of agility {unknown}
 i - 2 potions of flight {unknown}
 q - a potion of brilliance {unknown}
 s - a potion of haste {unknown}
Comestibles
 f - 8 rations


   Skills:
 + Level 4.8 Fighting
 * Level 4.9 Maces & Flails
 + Level 4.6 Armour
 + Level 4.7 Shields


You had 6 spell levels left.
You didn't know any spells.
Your spell library was empty.

Dungeon Overview and Level Annotations

Branches:
Dungeon (4/15)
 Temple: D:4-7

Altars:
Gozag
Nemelex Xobeh
Okawaru
Qazlal
Wu Jian

Annotations:
D:2 2 transporters
D:3 2 transporters


Innate Abilities, Weirdness & Mutations

You are resistant to torment.
Your stone body is resilient. (AC +4)
You are immune to poison.
You resist negative energy. (rN+)
You are resistant to electric shocks. (rElec)
You can survive without breathing.
You are immune to petrification.
You are immune to rotting.


Message History

You block the iguana's attack.
You barely miss the iguana.
The iguana is severely wounded.
The iguana bites you.
* * * LOW HITPOINT WARNING * * *
You block the iguana's attack.
You completely miss the iguana.
The iguana is severely wounded.
You block the iguana's attack.
You hit the iguana.
The iguana is severely wounded.
The iguana bites you.
* * * LOW HITPOINT WARNING * * *
You hit the iguana.
The iguana is almost dead.
The iguana bites you but does no damage.
You closely miss the iguana.
The iguana is almost dead.
The iguana bites you!
You die...

######### #####
#.......# #...#
#.......# #...#
#.......# #...#
#l@.....##
####...########.........
........................
####...###...###.##.....
#...# #...# #+# #####
#...# #...# .[.#...#
#...# ...#...# #...#
...##### #...#


You could see an iguana.

Vanquished Creatures
  A phantom (D:3)
  An ogre (D:4)
  An orc priest (D:4)
  A bullfrog skeleton (D:2)
  Jessica (D:2)
  6 gnolls
  6 adders
  2 oozes
  4 worms
  A dart slug (D:2)
  3 leopard geckos
  3 orcs (D:4)
  2 giant cockroaches (D:1)
  5 goblins
  7 hobgoblins
  4 jackals (D:2)
  5 kobolds
  5 quokkas
  A ball python (D:3)
  5 bats
  4 frilled lizards
  5 rats
73 creatures vanquished.

Notes
Turn   | Place    | Note
-------+----------+-------------------------------------------
     0 | D:1      | Mrkan the Gargoyle Fighter began the quest for the Orb.
     0 | D:1      | Reached XP level 1. HP: 14/14 MP: 1/1
   524 | D:1      | Reached XP level 2. HP: 19/19 MP: 2/2
  1210 | D:2      | Reached XP level 3. HP: 21/23 MP: 3/3
  1292 | D:2      | Reached XP level 4. HP: 23/29 MP: 4/4
  1404 | D:2      | Found an ornate altar of the Wu Jian Council.
  1665 | D:2      | Became a worshipper of the Wu Jian Council
  1919 | D:2      | Found a transporter.
  1923 | D:2      | Found an iron altar of Okawaru.
  1925 | D:2      | Found a transporter.
  1945 | D:2      | Found an opulent altar of Gozag.
  1945 | D:2      | Found a sparkling altar of Nemelex Xobeh.
  1969 | D:2      | Found a stormy altar of Qazlal.
  1991 | D:2      | Noticed Jessica
  2013 | D:2      | Killed Jessica
  2013 | D:2      | Reached XP level 5. HP: 26/33 MP: 5/5
  2200 | D:3      | Found a transporter.
  2455 | D:3      | Reached XP level 6. HP: 32/39 MP: 6/6
  2509 | D:3      | Reached * piety under Wu Jian
  2544 | D:3      | Noticed a phantom
  2639 | D:3      | Killed a phantom
  2835 | D:3      | Found a transporter.
  3310 | D:4      | Reached XP level 7. HP: 19/44 MP: 7/7
  3385 | D:4      | Slain by an iguana

Levels and vault maps discovered:
D:1:      dpeg_arrival_rooms_a, layout_basic
D:2:      layout_basic, grunt_temple_overflow_opulence,
          gammafunk_temple_overflow_arena, lemuel_doored_altar, minivault_27,
          hangedman_decor_growths, uniq_jessica
D:3:      gammafunk_wand_slinger, layout_loops_ring, serial_forest,
          infiniplex_forest_diagonal, infiniplex_forest_clump_medium,
          infiniplex_forest_lined_corner, infiniplex_forest_clump_curved,
          first_ration
D:4:      layout_basic, old_standard_altar

Skill      XL: |  1  2  3  4  5 |
---------------+----------------+-----
Maces & Flails | 3 4 |  4.9
Fighting       | 4 |  4.8
Shields        | 4 |  4.7
Armour         | 4 |  4.6

Action                   |  1- 3 |  4- 6 |  7- 9 || total
-------------------------+-------+-------+-------++-------
Melee: Flail             |    97 |   305 |    22 ||   424
Invok: Lunge             |       |    16 |       ||    16
       Whirlwind         |       |    12 |     7 ||    19
  Eat: Chunk             |       |     8 |       ||     8
Armor: Scale mail        |    15 |       |       ||    15
       Chain mail        |    51 |   172 |     7 ||   230
Dodge: Dodged            |    21 |    89 |     4 ||   114
Block: Shield            |    51 |   163 |     7 ||   221
